 Dungeon Crawl Stone Soup version 0.27.0-1-g7a089689b8 (console) character file.

Game seed: 6494351487721888120

328 FIQ the Skirmisher (level 6, -7/73 HPs)
             Began as a Djinni Fire Elementalist on Aug 2, 2021.
             Was a Follower of Ashenzari.
             Killed by divine providence
             ... invoked by an orc priest
              (14 damage)
             ... on level 4 of the Dungeon.
             The game lasted 00:11:08 (5191 turns).

FIQ the Skirmisher (Djinni Fire Elementalist)       Turns: 5191, Time: 00:11:08

Health: -7/73      AC: 30    Str:  7    XL:     6   Next: 80%
Gold:   167        EV:  2    Int: 19    God:    Ashenzari [*.....] SH:  0 Dex: 13

rFire    . . .     SeeInvis .   g - +2 dagger {protect, Melee, Self} (curse)
rCold    . . .     Faith    .   (no shield)
rNeg     + + +     Spirit   .   (armour currently unavailable)
rPois    ∞         Reflect  .   (helmet currently unavailable)
rElec    .         Harm     .   (cloak currently unavailable)
rCorr    .         Rampage  .   (gloves currently unavailable)
Will     .....     NoTele   +   (boots unavailable)
Stlth    ++........             (no amulet)
HPRegen  0.22/turn              (no ring)
MPRegen  0.00/turn              (no ring)

@: tree-form, under a protective aura
A: stationary, stasis, torment immunity, boosted hp, sickness immunity, (fire
resistance 2), (cold vulnerability 1), float, innate caster, hp casting, extra
vitality 1
a: Renounce Religion, Shatter the Chains


You were on level 4 of the Dungeon.
You worshipped Ashenzari.
Ashenzari was aware of your devotion.
You were a tree.
You visited 1 branch of the dungeon, and saw 4 of its levels.

You collected 167 gold pieces.

Inventory:

Hand Weapons
 g - the cursed +2 dagger "I Knew You'd Do That" (weapon) {protect, Melee, Self}
   (You took it off a goblin on level 1 of the Dungeon)

   It grants its wielder temporary protection when it strikes (+7 to AC).
   It has a curse which improves the following skills: Melee Combat: Short
   Blades, Long Blades, Axes, Maces & Flails, Polearms, Staves and Unarmed
   Combat.
   Introspection: Fighting and Spellcasting.
Armour
 a - the cursed +0 robe "Discomfort of Ashenzari" (melded) {Cun, Self}

   It has a curse which improves the following skills: Cunning: Dodging and
   Stealth.
   Introspection: Fighting and Spellcasting.
Scrolls
 d - a scroll of immolation
 e - a scroll of amnesia
 h - a scroll of teleportation
 j - a scroll of fear
 k - a scroll of enchant armour
Potions
 b - a potion of resistance
 c - 2 potions of curing
 i - a potion of heal wounds


   Skills:
 * Level 4.3(5.3) Fighting
 + Level 4.0 Dodging
 - Level 1.5 Stealth
 + Level 3.4(4.3) Spellcasting


You couldn't memorise any spells.
You knew the following spells:

 Your Spells              Type           Power      Damage    Failure   Level
a - Foxfire               Conj/Fire      80%        2x1d8     2%          1
b - Conjure Flame         Conj/Fire      20%        6-21      7%          3
c - Inner Flame           Hex/Fire       20%        N/A       7%          3
d - Sticky Flame          Conj/Fire      20%        2d4       22%         4
e - Fireball              Conj/Fire      10%        3d6       52%         5
f - Shock                 Conj/Air       80%        1d8       2%          1
g - Slow                  Hex            20%        N/A       3%          2
Your spell library was empty.

Dungeon Overview and Level Annotations

Branches:
Dungeon (4/15)
 Temple: D:4-7

Altars:
Ashenzari


Innate Abilities, Weirdness & Mutations

You are a tree.
Your roots penetrate the ground, keeping you stationary.
You cannot be teleported.
You are immune to unholy pain and torment.
Your maximum health is greatly increased.
Your equipment is partially melded.
You are immune to sickness and miasma.
You are immune to poison.
((Your flesh is very heat resistant. (rF++)))
((You are vulnerable to cold. (rC-)))
You float through the air rather than walking.
You learn spells naturally, not from books.
Your magical power is your life essence.
You have superior vitality. (+4 HP)


Message History

The orc hits you but does no damage. The orc priest completely misses you.
You hit the orc priest but do no damage.
The orc priest is severely wounded.
The orc priest hits you but does no damage.
The orc hits you but does no damage.
The orc priest invokes the aid of Beogh against you.
Beogh smites you!
* * * LOW HITPOINT WARNING * * *
You hit the orc priest.
The orc priest is almost dead.
The orc priest hits you but does no damage.
The orc hits you but does no damage.
The orc priest hits you but does no damage.
You barely miss the orc priest.
The orc priest is almost dead.
The orc priest hits you but does no damage.
The orc hits you but does no damage. The orc priest completely misses you.
You hit the orc priest.
The orc priest is almost dead.
The orc priest hits you but does no damage.
The orc hits you but does no damage.
The orc priest hits you but does no damage.
You hit the orc priest.
You kill the orc priest!
The orc hits you but does no damage.
The orc priest hits you with a +0 short sword.
* * * LOW HITPOINT WARNING * * *
You hit the orc priest.
The orc priest is moderately wounded.
The orc hits you but does no damage.
The orc priest hits you but does no damage.
You closely miss the orc priest.
The orc priest is moderately wounded.
The orc hits you but does no damage. The orc priest barely misses you.
You hit the orc priest but do no damage.
The orc priest is moderately wounded.
The orc hits you but does no damage.
The orc priest invokes the aid of Beogh against you.
Beogh smites you!
You die...

#####..................
#......................
.
.....###...............
.o ..# #...............
... ##.).............
... ###
#.........####### )o
##.## #.........#
#o#...###.........#
#......#♣)........#
#......#oo........#
#.................#
#.........>.........
#...................
#...................
#...................
##..................
#.................


You could see an orc priest and an orc.

Vanquished Creatures
  An ogre (D:4)
  2 orc priests (D:4)
  3 gnolls (D:2)
  8 adders
  An adder zombie (D:2)
  4 worms (D:2)
  3 dart slugs (D:1)
  An orc (D:4)
  2 endoplasms
  3 giant cockroaches
  5 goblins
  4 hobgoblins
  7 jackals (D:3)
  7 kobolds
  4 quokkas
  10 ball pythons
  A ball python zombie (D:1)
  2 frilled lizards
  5 rats
73 creatures vanquished.

Vanquished Creatures (others)
  440 foxfires
  2 withered plants (D:3)
442 creatures vanquished.

Grand Total: 515 creatures vanquished

Notes
Turn   | Place    | Note
-------+----------+-------------------------------------------
     0 | D:1      | FIQ the Djinni Fire Elementalist began the quest for the
                  | Orb.
     0 | D:1      | Reached XP level 1. HP: 15/15 MP: 0/0
   699 | D:1      | Reached XP level 2. HP: 18/22 MP: 0/0
   701 | D:1      | Reached skill level 1 in Fighting
  1478 | D:1      | Reached XP level 3. HP: 13/27 MP: 0/0
  1478 | D:1      | Learned a level 1 spell: Shock
  2361 | D:2      | Found a faded altar of an unknown god.
  2569 | D:2      | Became a worshipper of Ashenzari the Shackled
  2592 | D:2      | Reached XP level 4. HP: 17/34 MP: 0/0
  3279 | D:2      | Reached XP level 5. HP: 19/40 MP: 0/0
  3279 | D:2      | Learned a level 2 spell: Slow
  4440 | D:3      | Reached * piety under Ashenzari
  4878 | D:4      | Noticed an ogre
  4884 | D:4      | Killed an ogre
  4885 | D:4      | Reached XP level 6. HP: 38/49 MP: 0/0
  5191 | D:4      | Killed from afar by an orc priest

Illustrated notes

Levels and vault maps discovered:
D:1:      saegor_arrival_fortress, layout_loops_ring
D:2:      layout_loops_ring, basic_ecumenical_altar
D:3:      layout_basic, lightli_temple_of_fire, serial_undead, serial_undead_e,
          serial_undead_f, serial_undead_c, serial_undead_c
D:4:      layout_cave_pods, serial_shops, shop, kennysheep_generic_room_10,
          uniq_robin

Skill      XL: |  1  2  3  4  5  6 |
---------------+-------------------+-----
Fighting       | 1 2 4 |  4.3
Dodging        | 3 4 |  4.0
Spellcasting   | 3 |  3.4
Stealth        | |  1.5

Action                   |  1- 3 |  4- 6 || total
-------------------------+-------+-------++-------
Melee: Dagger            |    14 |    15 ||    29
 Cast: Foxfire           |    83 |   192 ||   275
       Shock             |    11 |       ||    11
Invok: Curse Item        |     1 |     1 ||     2
  Use: Potion            |       |     2 ||     2
Armor: Robe              |     6 |     6 ||    12
       Skin              |       |    19 ||    19
Dodge: Dodged            |    23 |    33 ||    56
